 Dungeon Crawl Stone Soup version 0.29-a0-323-g050149af67 (webtiles) character file.

Game seed: 7788163040533222743

317017 jlumianski the Warrior (level 20, 0/168 HPs)
             Began as a Demonspawn Fighter on Apr 8, 2022.
             Was a High Priest of Okawaru.
             Killed from afar by a deep elf annihilator (64 damage)
             ... with an iron shot
             ... on level 3 of the Elven Halls on Apr 12, 2022.
             The game lasted 04:58:16 (44147 turns).

jlumianski the Warrior (Demonspawn Fighter)        Turns: 44147, Time: 04:58:16

Health: 0/168      AC: 35    Str: 24      XL:     20   Next: 54%
Magic:  0/30       EV: 16    Int:  8 (10) God:    Okawaru [*****.]
Gold:   878        SH:  5    Dex: 16      Spells: 28/33 levels left

rFire   . . .      SeeInvis .   a - +9 lajatang (vamp)
rCold   x . .      Faith    .   (shield currently unavailable)
rNeg    . . .      Spirit   +   D - +8 plate armour of the Bespelled God {Slay+2}
rPois   .          Reflect  +   Y - +2 helmet of Dueq {Dex+2}
rElec   .          Harm     .   c - +0 cloak of Beyond {Regen+}
rCorr   +          Rampage  .   (gloves unavailable)
Will    +....      Clarity  +   O - +2 pair of boots
Stlth   ..........              v - amulet of Liberty {Reflect rC- rCorr SH+5 Stlth+}
HPRegen 1.18/turn               y - +4 ring of evasion
MPRegen 0.44/turn               X - +4 ring of protection

@: no status effects
A: claws 3, molten scales 2, foul stench 3, magic shield, magic regeneration,
magic link, corrupting presence 2, clarity, deformed body
}: 2/15 runes: decaying, serpentine
a: Renounce Religion, Heroism, Finesse, Duel


You were on level 3 of the Elven Halls.
You worshipped Okawaru.
Okawaru was extremely pleased with you.
You visited 7 branches of the dungeon, and saw 35 of its levels.
You also visited: Gauntlet and Ice Cave.

You collected 3900 gold pieces.
You spent 3022 gold pieces at shops.

Inventory:

Hand Weapons
 a - a +9 vampiric lajatang (weapon)
 s - a +2 lajatang of venom
 M - the +10 dagger "Seech" {spect, rPois}
   (You found it on level 11 of the Dungeon)

   When its wielder attacks, the weapon's spirit leaps out and strikes again.
   The spirit shares a part of any damage it takes with its wielder.
   rPois:     It protects you from poison.
Missiles
 l - 5 silver boomerangs
 q - 28 boomerangs (quivered)
 B - 9 datura-tipped darts
 E - 10 javelins
 F - a throwing net
Armour
 c - the +0 cloak of Beyond (worn) {Regen+}
   (Okawaru gifted it to you on level 13 of the Dungeon)

   Regen:     It increases your rate of health regeneration.
 h - the +10 plate armour of the Armadillo {rN+ Regen+ Dex-3}
   (Okawaru gifted it to you on level 9 of the Dungeon)

   Dex:       It affects your dexterity (-3).
   rN:        It protects you from negative energy.
   Regen:     It increases your rate of health regeneration.
 D - the +8 plate armour of the Bespelled God (worn) {Slay+2}
   (Okawaru gifted it to you on level 2 of the Swamp)

   Slay:      It affects your accuracy & damage with ranged weapons and melee
   (+2).
 O - a +2 pair of boots (worn)
 Y - the +2 helmet of Dueq (worn) {Dex+2}
   (Okawaru gifted it to you on level 13 of the Dungeon)

   Dex:       It affects your dexterity (+2).
Jewellery
 m - a ring of flight
 n - a +4 ring of evasion
 o - a ring of fire
 r - a ring of see invisible
 t - a ring of protection from fire
 v - the amulet of Liberty (around neck) {Reflect rC- rCorr SH+5 Stlth+}
   (You bought it in a shop on level 1 of the Snake Pit)

   [amulet of reflection]

   It reflects blocked missile attacks.
   rC:        It makes you vulnerable to cold.
   rCorr:     It protects you from acid and corrosion.
   SH:        It affects your SH (+5).
   Stlth:     It makes you more stealthy.
 y - a +4 ring of evasion (left claw)
 K - a ring of ice
 X - a +4 ring of protection (right claw)
Wands
 p - a wand of iceblast (34)
 C - a wand of acid (20)
 G - a wand of digging (22)
 H - a wand of mindburst (11)
Scrolls
 e - a scroll of silence
 g - 9 scrolls of fog
 k - 5 scrolls of magic mapping
 I - 4 scrolls of fear
 J - 2 scrolls of enchant weapon
 S - 10 scrolls of teleportation
 Z - 2 scrolls of blinking
Potions
 d - 5 potions of might
 f - 4 potions of berserk rage
 i - 13 potions of curing
 j - 6 potions of haste
 u - 9 potions of heal wounds
 A - 3 potions of cancellation
 R - 3 potions of invisibility
Miscellaneous
 b - a phial of floods
 w - a condenser vane
 P - a tin of tremorstones (2/2)
 U - a lightning rod (4/4)


   Skills:
 + Level 17.1 Fighting
 - Level 11.6 Short Blades
 - Level 4.0(4.3) Axes
 + Level 1.8(9.6) Maces & Flails
 - Level 14.0 Staves
 + Level 4.0 Throwing
 + Level 14.8 Armour
 + Level 9.4 Dodging
 - Level 0.8 Stealth
 * Level 9.4 Shields
 * Level 7.3 Spellcasting
 * Level 12.6 Earth Magic
 - Level 12.5 Invocations
 * Level 12.4 Evocations


You had 28 spell levels left.
You knew the following spells:

 Your Spells              Type           Power      Damage    Failure   Level
a - Lee's Rapid Deconstr  Erth           11%        3d9*      26%         5

Your spell library contained the following spells:

 Spells                   Type           Power      Damage    Failure   Level
 Leda's Liquefaction      Hex/Erth       6%         N/A       77%         4
 Petrify                  Tmut/Erth      13%        N/A       77%         4
 Apportation              Tloc           4%         N/A       86%         1
 Magic Dart               Conj           8%         1d3       86%         1
 Shock                    Conj/Air       8%         1d3       86%         1
 Sting                    Tmut/Pois      8%         1d3       86%         1
 Blink                    Tloc           4%         N/A       95%         2
 Searing Ray              Conj           4%         2d4       95%         2
 Static Discharge         Conj/Air       2%         N/A       95%         2
 Wereblood                Tmut           2%         N/A       95%         2
 Borgnjor's Vile Clutch   Necr/Erth      6%         N/A       98%         5
 Confusing Touch          Hex            2%         N/A       99%         3
 Dazzling Flash           Conj/Hex       4%         N/A       99%         3
 Frozen Ramparts          Ice            4%         1d2       99%         3
 Gell's Gravitas          Tloc           2%         N/A       99%         3
 Ignite Poison            Fire/Tmut/Pois 2%         N/A       99%         3
 Lesser Beckoning         Tloc           2%         N/A       99%         3
 Mephitic Cloud           Conj/Pois/Air  2%         N/A       99%         3
 Swiftness                Air            2%         N/A       99%         3
 Teleport Other           Tloc           2%         N/A       99%         3
 Airstrike                Air            1%         N/A       100%        4
 Dispel Undead            Necr           2%         3d7       100%        4
 Fulminant Prism          Conj/Hex       1%         3d6       100%        4
 Ice Form                 Ice/Tmut       2%         N/A       100%        4
 Iskenderun's Mystic Bla  Conj/Tloc      2%         2d3       100%        4
 Sticky Flame             Conj/Fire      2%         2d3       100%        4
 Alistair's Intoxication  Tmut/Pois      1%         N/A       100%        5
 Freezing Cloud           Conj/Ice/Air   1%         6-21      100%        5
 Irradiate                Conj/Tmut      1%         3d13      100%        5
 Manifold Assault         Tloc           2%         N/A       100%        5
 Metabolic Englaciation   Hex/Ice        1%         N/A       100%        5
 Silence                  Hex/Air        1%         N/A       100%        5
 Yara's Violent Unravell  Hex/Tmut       1%         3d3       100%        5
 Dispersal                Tloc           1%         N/A       100%        6
 Eringya's Noxious Bog    Tmut/Pois      1%         N/A       100%        6
 Starburst                Conj/Fire      1%         6d3       100%        6
 Statue Form              Tmut/Erth      8%         N/A       100%        6
 Enfeeble                 Hex            1%         N/A       100%        7
 Polar Vortex             Ice            1%         N/A       100%        9
 Animate Skeleton         Necr           Unusable   N/A       N/A         1
 Summon Small Mammal      Summ           Unusable   N/A       N/A         1
 Summon Ice Beast         Ice/Summ       Unusable   N/A       N/A         4
 Simulacrum               Ice/Necr       Unusable   N/A       N/A         6
 Haunt                    Necr/Summ      Unusable   N/A       N/A         7

Dungeon Overview and Level Annotations

Branches:
Dungeon (15/15)            Temple (1/1) D:4            Lair (6/6) D:8
  Swamp (4/4) Lair:4        Snake (4/4) Lair:3        Slime (0/5) Lair:6
    Orc (2/2) D:10            Elf (3/3) Orc:2        Vaults (0/5) D:13
 Depths (0/4) D:15          IceCv (visited)         Gauntlet (visited)

Altars:
Ashenzari
Cheibriados
Dithmenos
Elyvilon
Fedhas
Gozag
Hepliaklqana
Kikubaaqudgha
Makhleb
Nemelex Xobeh
Okawaru
Qazlal
Ru
Sif Muna
Trog
Vehumet
Wu Jian
Xom
Yredelemnul
The Shining One
Beogh

Shops:
D:5 (   D:15 *   Orc:2 [:!*   Elf:1 *[!*   Elf:2 =*(!:   Elf:3 :   Snake:1 :==:


Innate Abilities, Weirdness & Mutations

You have claws for hands.
You are mostly covered in molten scales. (AC +3)
You frequently emit foul miasma when damaged in melee.
When hurt, damage is shared between your health and your magic reserves.
You regenerate magic rapidly.
When low on magic, you restore magic in place of health.
Your presence sometimes corrodes or deforms those you injure.
You possess an exceptional clarity of mind.
Armour fits poorly on your strangely shaped body.


Message History

* * * LOW HITPOINT WARNING * * *
x2 The deep elf high priest shoots an arrow.
The arrow misses you. The +0 vorpal dire flail hits you.
* * * LOW HITPOINT WARNING * * *
x2 You emit a cloud of foul miasma!
You barely miss the +0 vorpal dire flail.
The +0 vorpal dire flail hits you!
* * * LOW HITPOINT WARNING * * *
x2 The deep elf high priest shoots an arrow.
The arrow closely misses you.
You barely miss the +0 vorpal dire flail.
The +0 vorpal dire flail hits you but does no damage.
You barely miss the +0 vorpal dire flail.
The +0 vorpal dire flail hits you but does no damage.
You miss the +0 vorpal dire flail.
The +0 vorpal dire flail hits you but does no damage.
The deep elf high priest wields a +0 shortbow.
The deep elf high priest shoots an arrow.
The arrow closely misses you.
You slash the +0 vorpal dire flail!
The +0 vorpal dire flail is moderately damaged.
The +0 vorpal dire flail hits you but does no damage.
You slash the +0 vorpal dire flail!
The +0 vorpal dire flail is severely damaged.
The +0 vorpal dire flail hits you but does no damage.
You slice the +0 vorpal dire flail!!
The +0 vorpal dire flail falls from the air.
Okawaru accepts your kill.
The deep elf high priest shoots an arrow.
The arrow closely misses you.
You see here a +0 vorpal dire flail.
Press: ? - help, v - describe, . - travel, g - get item
Here: a deep elf annihilator, wielding a +1 long sword of freezing and wearing a +0 ring mail (spells empowered) Item here: a +0 rapier.
The floor, spattered with blood.
Unknown command.
You feel much better.
The deep elf annihilator gestures at you while chanting.
The iron shot hits you!!!!
You die...

#...........##.......
#....)......##.......
###....e..######..... ##.eee.##
##.... ####e#### ###.# #..#.#..#
### ######## ###.))..# #########
#.#.##.# #..)....# #........
#.#.##.# ####.@....# #.##.###.
#......###..)......# #.##.# #.
###.#####...).)....# #.##.###.
##.## #.#.).)##### #.##..##.
##...## #..###[## #.###.##.
##.....#######.?.## #........
##.......## ##.....## #####.###
#.........###.......## ##....#
...........#......[..####.....###


You could see 3 deep elf annihilators and a deep elf high priest.

Vanquished Creatures
  Vashnia (Snake:2)
  Nikola (Swamp:1)
  A tentacled monstrosity (Swamp:1)
  Mlioglotl (Snake:1)
  Rupert (Snake:1)
  Jorgrun (Arena)
  A deep elf blademaster (Elf:3)
  3 deep elf master archers (Elf:3)
  Gastronok (Lair:2)
  A thorn hunter (Swamp:3)
  Kirke (Lair:5)
  Donald (Snake:3)
  3 nagarajas
  Roxanne (D:15)
  5 deep elf sorcerers
  A fire giant (Elf:1)
  Aizul (Snake:1)
  Louise (D:15)
  5 deep elf elementalists
  A very ugly thing (D:13)
  The ghost of Darius099 the Brawler, a journeyman TrBe of Trog (Orc:2)
  8 deep elf annihilators
  2 deep elf demonologists (Elf:3)
  6 eleionomae
  8 bunyips
  A minotaur (Gauntlet)
  5 deep elf death magi
  Josephine (Lair:5)
  Snorg (D:11)
  3 fire dragons (Elf:1)
  5 deep elf high priests (Elf:3)
  A great orb of eyes (D:15)
  3 shambling mangroves
  A rakshasa (D:15)
  10 naga warriors
  25 hydras
  Fannar (D:11)
  9 boulder beetles
  12 anacondas
  A ghost crab (Swamp:4)
  4 salamander tyrants
  2 catoblepae (Lair:3)
  A vault guard (D:13)
  20 centaur warriors
  A merfolk avatar (Lair:6)
  4 death yaks (Gauntlet)
  A satyr (shapeshifter) (Elf:1)
  3 two-headed ogres
  28 dancing weapons
  2 tengu warriors (D:14)
  9 alligators
  A death knight (D:12)
  2 orc high priests
  11 naga sharpshooters
  13 deep elf knights
  11 shock serpents
  Nergalle (Lair:2)
  2 salamander mystics (Snake:4)
  7 goliath frogs
  10 swamp dragons
  A skeletal warrior (D:14)
  6 bog bodies
  A sea snake (Snake:3)
  Pikel (D:5)
  5 spriggan druids
  5 naga ritualists
  2 wizards
  29 deep elf pyromancers
  2 necromancers
  21 deep elf zephyrmancers
  22 ugly things
  11 deep elf archers
  A wolf spider (D:14)
  2 harpies (Lair:6)
  2 orc knights
  7 orc sorcerers
  6 oklob plants
  7 cyclopes (D:14)
  6 will-o-the-wisps
  7 mana vipers
  12 salamanders
  8 elephants
  5 manticores
  Maurice (D:11)
  27 black mambas
  3 guardian serpents
  2 gargoyles
  23 naga magi
  A torpor snail (Gauntlet)
  An ice statue (IceCv)
  11 cane toads
  2 kobold demonologists
  11 ice devils (IceCv)
  2 unseen horrors
  6 rime drakes
  2 efreet
  8 komodo dragons
  2 yaktaurs
  10 freezing wraiths
  2 tengu conjurers
  An anaconda simulacrum (IceCv)
  An entropy weaver simulacrum (IceCv)
  6 trolls
  3 meliai (D:15)
  5 polar bears
  8 tyrant leeches
  A wind drake (Lair:6)
  11 hornets
  6 dream sheep
  10 blink frogs
  2 raiju (shapeshifter)
  7 slime creatures
  A snapping turtle (Lair:6)
  A dream sheep (shapeshifter) (Elf:1)
  Sigmund (D:2)
  3 centaur simulacra (D:14)
  An air elemental (Elf:2)
  3 shadows
  A jumping spider (shapeshifter) (D:15)
  2 wyverns
  4 vampires
  2 dire elephant simulacra (IceCv)
  5 spriggans
  27 humans
  2 water elementals
  65 yaks
  7 wraiths
  4 fire elementals
  3 hogs (Lair:5)
  4 basilisks
  17 vampire mosquitoes
  Grum (D:10)
  11 death yak simulacra (IceCv)
  4 steam dragons
  7 wargs
  17 swamp worms
  3 harpy simulacra (IceCv)
  62 nagas
  22 water moccasins
  9 swamp drakes
  3 sky beasts (D:10)
  26 orc warriors
  5 black bears
  3 ice beasts (D:7)
  5 ogres
  24 wolves
  23 centaurs
  A lemure (D:5)
  A phantom (D:5)
  2 necrophages
  5 bullfrogs
  2 earth elementals
  A gnoll sergeant (D:9)
  2 scorpions
  4 cane toad simulacra
  5 wights (D:8)
  2 elephant simulacra (IceCv)
  3 howler monkeys
  3 electric eels
  A hound (D:5)
  6 jellies
  28 orc priests
  Terence (D:1)
  7 iguanas
  37 orc wizards
  6 hell rats (Lair:5)
  2 polar bear simulacra
  A spriggan simulacrum (IceCv)
  2 troll simulacra (IceCv)
  3 wolf simulacra (IceCv)
  12 gnolls
  8 adders
  2 white imps
  4 ufetubi
  5 worms
  2 dart slugs
  72 orcs
  11 endoplasms
  7 giant cockroaches
  5 hobgoblins
  12 jackals
  9 kobolds
  5 quokkas
  8 ball pythons
  7 bats
  A frilled lizard (D:2)
  7 goblins
  8 rats
  A plant (D:14)
1302 creatures vanquished.

Vanquished Creatures (others)
  An anaconda (Snake:1)
  A deep elf knight (Elf:3)
  A deep elf zephyrmancer (Elf:3)
  2 naga magi
  2 bloated husks (Swamp:2)
  A dream sheep (Lair:4)
  2 water elementals
  An orc wizard (Orc:2)
  An orc (Elf:1)
  A bush (Snake:1)
  34 foxfires
  25 fungi
  74 plants
146 creatures vanquished.

Grand Total: 1448 creatures vanquished

Notes
Turn   | Place    | Note
-------+----------+-------------------------------------------
     0 | D:1      | jlumianski the Demonspawn Fighter began the quest for the
                  | Orb.
     0 | D:1      | Reached XP level 1. HP: 18/18 MP: 1/1
   156 | D:1      | Gained mutation: You may rarely emit foul miasma when
                  | damaged in melee. [demonic ancestry]
   156 | D:1      | Reached XP level 2. HP: 5/24 MP: 2/2
   634 | D:1      | Found a faded altar of an unknown god.
   840 | D:1      | Gained mutation: You regenerate magic rapidly. [demonic
                  | ancestry]
   840 | D:1      | Reached XP level 3. HP: 29/29 MP: 3/3
  1383 | D:2      | Noticed Sigmund
  1396 | D:2      | Killed Sigmund
  1397 | D:2      | Reached skill level 1 in Dodging
  1397 | D:2      | Gained mutation: You have sharp fingernails. [demonic
                  | ancestry]
  1397 | D:2      | Reached XP level 4. HP: 32/37 MP: 4/4
  1397 | D:2      | Gained mutation: You are partially covered in molten
                  | scales. (AC +2) [demonic ancestry]
  1397 | D:2      | Reached XP level 5. HP: 36/42 MP: 5/5
  1945 | D:2      | Gained mutation: You have very sharp fingernails. [demonic
                  | ancestry]
  1945 | D:2      | Reached XP level 6. HP: 38/48 MP: 6/6
  1956 | D:2      | Noticed Terence
  2178 | D:1      | Killed Terence
  3740 | D:4      | Reached skill level 4 in Fighting
  3740 | D:4      | Reached skill level 1 in Staves
  3913 | D:4      | Found a staircase to the Ecumenical Temple.
  3923 | D:4      | Reached XP level 7. HP: 42/54 MP: 7/7
  3946 | Temple   | Entered the Ecumenical Temple
  3987 | Temple   | Became a worshipper of Warmaster Okawaru
  4290 | D:5      | Entered Level 5 of the Dungeon
  4376 | D:5      | Identified a scroll of acquirement
  4377 | D:5      | Acquired 682 gold pieces
  4733 | D:5      | Noticed Pikel
  4757 | D:5      | Killed Pikel
  4757 | D:5      | Reached * piety under Okawaru
  4758 | D:5      | Reached skill level 5 in Staves
  4758 | D:5      | Gained mutation: You are mostly covered in molten scales.
                  | (AC +3) [demonic ancestry]
  4758 | D:5      | Reached XP level 8. HP: 54/61 MP: 8/8
  4837 | D:5      | Gained mutation: You are dopey. (Int -2) [potion of
                  | mutation]
  4837 | D:5      | Gained mutation: You are clumsy. (Dex -2) [potion of
                  | mutation]
  4839 | D:5      | Lost mutation: You are dopey. (Int -2) [potion of mutation]
  4839 | D:5      | Lost mutation: You are clumsy. (Dex -2) [potion of
                  | mutation]
  4839 | D:5      | Gained mutation: Armour fits poorly on your strangely
                  | shaped body. [potion of mutation]
  4839 | D:5      | Gained mutation: You possess an exceptional clarity of
                  | mind. [potion of mutation]
  5448 | D:5      | Found Hylaosot's Weapon Shop.
  5881 | D:5      | Reached ** piety under Okawaru
  6083 | D:5      | HP: 3/61 [poisoned by a scorpion]
  6866 | D:6      | Gained mutation: When hurt, damage is shared between your
                  | health and your magic reserves. [demonic ancestry]
  6866 | D:6      | Reached XP level 9. HP: 36/67 MP: 11/11
  6982 | D:7      | Reached skill level 5 in Armour
  7212 | D:6      | Reached skill level 5 in Fighting
  7263 | D:7      | Reached *** piety under Okawaru
  8187 | D:8      | Reached **** piety under Okawaru
  8218 | D:8      | Reached skill level 5 in Invocations
  8225 | D:8      | Noticed a komodo dragon
  8239 | D:8      | Killed a komodo dragon
  8240 | D:8      | Gained mutation: You have claws for hands. [demonic
                  | ancestry]
  8240 | D:8      | Reached XP level 10. HP: 52/75 MP: 8/13
  8405 | D:8      | Found a staircase to the Lair.
  8530 | D:8      | Reached skill level 10 in Staves
  8802 | D:8      | Reached ***** piety under Okawaru
  8803 | D:8      | Reached skill level 6 in Fighting
  8943 | D:9      | Identified the +10 plate armour of the Armadillo {rN+
                  | Regen+ Dex-3} (Okawaru gifted it to you on level 9 of the
                  | Dungeon)
  8943 | D:9      | Received a gift from Okawaru
  9140 | D:10     | Entered Level 10 of the Dungeon
  9512 | D:9      | Found a broken altar of Ashenzari.
 10035 | D:10     | Gained mutation: When low on magic, you restore magic in
                  | place of health. [demonic ancestry]
 10035 | D:10     | Reached XP level 11. HP: 83/83 MP: 16/16
 10042 | D:11     | Noticed Grum
 10043 | D:11     | Noticed Maurice
 10049 | D:10     | Killed Grum
 10057 | D:11     | Noticed a two-headed ogre
 10067 | D:10     | Killed a two-headed ogre
 10096 | D:10     | Found a staircase to the Orcish Mines.
 10244 | D:10     | Identified the +1 robe of the Spheres {rElec rF+ rCorr
                  | Str-5}
 10252 | D:10     | Reached skill level 7 in Fighting
 10589 | D:11     | Killed Maurice
 10649 | D:11     | Noticed Fannar
 10664 | D:11     | Killed Fannar
 10734 | D:11     | Identified the +10 dagger "Seech" {spect, rPois}
 10744 | D:11     | Noticed a two-headed ogre
 10749 | D:11     | Killed a two-headed ogre
 10749 | D:11     | Received a gift from Okawaru
 10750 | D:11     | Reached skill level 1 in Throwing
 10859 | D:11     | Noticed a seven-headed hydra
 10876 | D:11     | Killed a seven-headed hydra
 10968 | D:12     | Noticed Snorg
 11040 | D:12     | Noticed a deep elf pyromancer
 11099 | D:11     | Noticed a boulder beetle
 11127 | D:11     | Killed a boulder beetle
 11367 | D:11     | Identified the +2 robe of Guph {rN+} (Okawaru gifted it to
                  | you on level 11 of the Dungeon)
 11367 | D:11     | Received a gift from Okawaru
 11463 | D:11     | Killed Snorg
 11464 | D:11     | Reached skill level 1 in Short Blades
 11500 | D:12     | Killed a deep elf pyromancer
 11613 | D:12     | Noticed a purple ugly thing
 11620 | D:12     | Killed a purple ugly thing
 11621 | D:12     | Reached XP level 12. HP: 91/92 MP: 18/18
 11738 | D:12     | Noticed a boulder beetle
 11755 | D:12     | Killed a boulder beetle
 11866 | D:12     | Noticed a death knight
 11896 | D:11     | Reached skill level 8 in Fighting
 11964 | D:12     | Killed a death knight
 12293 | D:13     | Noticed a centaur warrior
 12309 | D:13     | Reached skill level 1 in Evocations
 12314 | D:13     | Killed a centaur warrior
 12353 | D:13     | Received a gift from Okawaru
 12584 | D:13     | Noticed a centaur warrior
 12592 | D:13     | Killed a centaur warrior
 12593 | D:13     | Reached skill level 9 in Fighting
 12594 | D:13     | Noticed a centaur warrior
 12603 | D:13     | Killed a centaur warrior
 12661 | D:13     | Reached skill level 10 in Invocations
 12707 | D:13     | Identified the +2 helmet of Dueq {Dex+2} (Okawaru gifted it
                  | to you on level 13 of the Dungeon)
 12707 | D:13     | Received a gift from Okawaru
 12742 | D:13     | Reached XP level 13. HP: 100/101 MP: 20/20
 12758 | D:13     | Reached ****** piety under Okawaru
 12900 | D:13     | Found a gate to the Vaults.
 13027 | D:14     | Found a sacrificial altar of Ru.
 13140 | D:14     | Reached skill level 10 in Fighting
 13395 | D:14     | Noticed a cyan very ugly thing
 13426 | D:14     | HP: 3/104 [cyan very ugly thing (18)]
 13501 | D:13     | Killed a cyan very ugly thing
 13534 | D:14     | Received a gift from Okawaru
 13535 | D:14     | Reached skill level 5 in Dodging
 13846 | D:13     | Reached skill level 5 in Evocations
 13912 | D:14     | Received a gift from Okawaru
 13917 | D:14     | Reached skill level 1 in Earth Magic
 14098 | Lair:1   | Entered Level 1 of the Lair of Beasts
 14157 | Lair:1   | Found a frozen archway.
 14172 | IceCv    | Entered an ice cave
 14193 | IceCv    | Gained mutation: You sometimes emit foul miasma when
                  | damaged in melee. [demonic ancestry]
 14193 | IceCv    | Reached XP level 14. HP: 44/111 MP: 10/22
 14551 | IceCv    | Found an ancient bone altar of Kikubaaqudgha.
 14579 | IceCv    | Reached skill level 11 in Fighting
 14667 | IceCv    | Reached skill level 10 in Armour
 16066 | Orc:1    | Entered Level 1 of the Orcish Mines
 16577 | Orc:2    | Entered Level 2 of the Orcish Mines
 16647 | Orc:2    | Received a gift from Okawaru
 16956 | Orc:2    | Found a staircase to the Elven Halls.
 16984 | Orc:2    | Paralysed by an orc sorcerer for 4 turns
 17124 | Orc:2    | Found Ement's Book Emporium.
 17124 | Orc:2    | Found Jesiocit's Assorted Antiques.
 17141 | Orc:2    | Found Doymik Mue's Distillery.
 17185 | Orc:2    | Found Nareb's Armour Emporium.
 17205 | Orc:2    | Bought a potion of mutation for 128 gold pieces
 17205 | Orc:2    | Bought a potion of heal wounds for 80 gold pieces
 17205 | Orc:2    | Bought a potion of mutation for 128 gold pieces
 17207 | Orc:2    | Bought a scroll of enchant weapon for 165 gold pieces
 17652 | Orc:2    | Found a shimmering blue altar of Sif Muna.
 17755 | Orc:2    | Found a runed translucent door.
 17756 | Orc:2    | Found a shimmering altar of Xom.
 17756 | Orc:2    | Noticed Darius099's ghost (journeyman TrBe)
 17771 | Orc:2    | Reached skill level 12 in Fighting
 17799 | Orc:2    | Killed Darius099's ghost
 18635 | D:14     | Received a gift from Okawaru
 18636 | D:14     | Reached skill level 5 in Earth Magic
 18834 | D:13     | Identified the +0 cloak of Beyond {Regen+} (Okawaru gifted
                  | it to you on level 13 of the Dungeon)
 18834 | D:13     | Received a gift from Okawaru
 18866 | D:14     | Gained mutation: You frequently emit foul miasma when
                  | damaged in melee. [demonic ancestry]
 18866 | D:14     | Reached XP level 15. HP: 122/122 MP: 22/24
 19082 | D:14     | Identified the +2 cloak of the Insatiable Tusks {Dex+3}
 19091 | D:14     | Got Uqeix's Guide on Flight and Dislocation
 19255 | D:15     | Entered Level 15 of the Dungeon
 19263 | D:15     | Found Baifeuzegy's Blood Bar.
 19374 | D:15     | Found a gate leading to a gauntlet.
 19387 | Gauntlet | Entered a Gauntlet
 19387 | Gauntlet | Found a transporter.
 19387 | Gauntlet | Found a transporter.
 19391 | Gauntlet | Found a transporter.
 19394 | Gauntlet | Found a transporter.
 19395 | Gauntlet | Found a transporter.
 19395 | Gauntlet | Found a transporter.
 19491 | Gauntlet | Found a transporter.
 19495 | Gauntlet | Found a transporter.
 19503 | Gauntlet | Found a transporter.
 19520 | Gauntlet | Found a transporter.
 19522 | Gauntlet | Found the amulet of Vitality {Regen+ HP+15}
 19535 | Gauntlet | Found a transporter.
 19539 | Gauntlet | Found a transporter.
 19752 | Gauntlet | Identified the +10 flail "Yliver" {elec, Dex+6}
 19753 | Gauntlet | Got the Papyrus of Shifting Necromancy
 19903 | D:15     | Noticed Jorgrun
 19904 | Arena    | Entered the Arena
 19930 | Arena    | Killed Jorgrun
 19931 | Arena    | Reached skill level 13 in Fighting
 20001 | D:15     | Noticed Louise
 20019 | D:15     | Killed Louise
 20138 | D:15     | Reached skill level 1 in Spellcasting
 20138 | D:15     | Gained mutation: Your presence sometimes corrodes those you
                  | injure. [demonic ancestry]
 20138 | D:15     | Reached XP level 16. HP: 131/131 MP: 25/25
 20177 | D:15     | Identified Roxanne's Incunabulum of Transformation
 20177 | D:15     | Noticed Roxanne
 20269 | D:15     | Killed Roxanne
 20269 | D:15     | Identified the +0 kite shield of the Fae God {Rampage
                  | rPois} (Okawaru gifted it to you on level 15 of the
                  | Dungeon)
 20269 | D:15     | Received a gift from Okawaru
 20323 | D:15     | Found an iron altar of Okawaru.
 20407 | D:15     | Acquired a +6 ring of intelligence
 21475 | D:15     | Found a staircase to the Depths.
 22140 | Lair:2   | Noticed Nergalle
 22167 | Lair:2   | Killed Nergalle
 22186 | Lair:2   | Noticed Gastronok
 22203 | Lair:2   | Killed Gastronok
 23034 | Lair:3   | Reached skill level 14 in Fighting
 23160 | Lair:3   | Found a staircase to the Snake Pit.
 24197 | Lair:3   | Reached XP level 17. HP: 139/139 MP: 24/26
 24398 | Lair:4   | Identified the +4 ring mail of the Hidden Vale {Str+2}
 24645 | Lair:4   | Found a staircase to the Swamp.
 25097 | Lair:4   | Reached skill level 1 in Maces & Flails
 25124 | Lair:4   | Identified the +1 chain mail of Purpose {rElec rN+++ Regen+
                  | Int-4 Slay-6} (Okawaru gifted it to you on level 4 of the
                  | Lair of Beasts)
 25124 | Lair:4   | Received a gift from Okawaru
 25561 | Lair:5   | Noticed Josephine
 25563 | Lair:5   | Noticed Kirke
 25602 | Lair:5   | Killed Josephine
 25626 | Lair:5   | Killed Kirke
 26139 | Lair:6   | Entered Level 6 of the Lair of Beasts
 26852 | Lair:6   | Reached skill level 15 in Fighting
 26883 | Lair:6   | Found a staircase to the Slime Pits.
 26940 | Lair:6   | Identified the +5 rapier "Ynam" {flame, *Noise Str+5}
 27678 | Swamp:1  | Entered Level 1 of the Swamp
 27691 | Swamp:1  | Noticed a tentacled monstrosity
 27710 | Swamp:1  | Killed a tentacled monstrosity
 27748 | Swamp:1  | Reached skill level 10 in Earth Magic
 28009 | Snake:1  | Entered Level 1 of the Snake Pit
 28144 | Snake:1  | Found Cosaofra's Jewellery Shop.
 28159 | Snake:1  | Noticed Rupert
 28161 | Snake:1  | Found Huevuh's Self-Improvement Boutique.
 28172 | Snake:1  | Killed Rupert
 28194 | Snake:1  | Bought a manual of Short Blades for 1120 gold pieces
 28433 | Snake:1  | Upgraded the game from 0.29-a0-322-g68df515428 to
                  | 0.29-a0-323-g050149af67
 28728 | Snake:1  | Noticed Aizul
 28728 | Snake:1  | Noticed Mlioglotl
 28750 | Snake:1  | Killed Aizul
 28750 | Snake:1  | Received a gift from Okawaru
 28786 | Snake:1  | Killed Mlioglotl
 28905 | Snake:1  | Reached skill level 5 in Short Blades
 29089 | Snake:1  | Received a gift from Okawaru
 29215 | Snake:1  | Found Liass's Book Emporium.
 29216 | Snake:1  | Found Icrit's Jewellery Shop.
 29239 | Snake:1  | Bought the amulet of Liberty {Reflect rC- rCorr SH+5
                  | Stlth+} for 614 gold pieces
 31103 | Snake:3  | Gained mutation: Your presence sometimes corrodes or
                  | deforms those you injure. [demonic ancestry]
 31103 | Snake:3  | Reached XP level 18. HP: 149/149 MP: 16/27
 31131 | Snake:3  | Reached skill level 10 in Short Blades
 31197 | Snake:3  | Identified the +2 robe "Waug" {rElec rPois Will+ Dex+3}
                  | (Okawaru gifted it to you on level 3 of the Snake Pit)
 31197 | Snake:3  | Received a gift from Okawaru
 31568 | Snake:3  | Noticed Donald
 31590 | Snake:3  | Killed Donald
 31699 | Snake:3  | Noticed Vashnia
 31746 | Snake:2  | Killed Vashnia
 32600 | Snake:4  | Entered Level 4 of the Snake Pit
 32945 | Snake:4  | Reached skill level 10 in Evocations
 33737 | Snake:4  | Received a gift from Okawaru
 34267 | Snake:4  | Reached skill level 5 in Shields
 34885 | Snake:4  | Got a serpentine rune of Zot
 36222 | Swamp:2  | Noticed Nikola
 36276 | Swamp:1  | Killed Nikola
 36325 | Swamp:2  | Reached XP level 19. HP: 141/156 MP: 25/28
 36494 | Swamp:2  | Identified the +8 plate armour of the Bespelled God
                  | {Slay+2} (Okawaru gifted it to you on level 2 of the Swamp)
 36494 | Swamp:2  | Received a gift from Okawaru
 37448 | Swamp:3  | Reached skill level 5 in Spellcasting
 37653 | Swamp:4  | Entered Level 4 of the Swamp
 38154 | Swamp:4  | Reached skill level 16 in Fighting
 38595 | Swamp:4  | Got a decaying rune of Zot
 38946 | Elf:1    | Entered Level 1 of the Elven Halls
 39545 | Orc:2    | Received a gift from Okawaru
 39830 | Elf:1    | You fall into a shaft and drop 1 floor!
 39868 | Elf:2    | Found Itexeag's Jewellery Shoppe.
 39950 | Elf:1    | Found Polyudix's Distillery.
 39950 | Elf:1    | Found Ifyfieb's Antique Armour Shop.
 39951 | Elf:1    | Found Rawepami's General Store.
 39955 | Elf:1    | Found Piosch's General Store.
 39961 | Elf:1    | Bought a potion of heal wounds for 70 gold pieces
 39964 | Elf:1    | Bought a potion of heal wounds for 70 gold pieces
 39970 | Elf:1    | Bought a wand of acid (5) for 252 gold pieces
 40285 | Elf:2    | Found Fintoque's General Store.
 40366 | Elf:2    | Found Utemicit's Book Boutique.
 40386 | Elf:2    | Received a gift from Okawaru
 40480 | Elf:2    | Found Jaogiup's Antique Weapon Emporium.
 40540 | Elf:2    | Bought a faintly glowing war axe for 187 gold pieces
 40540 | Elf:2    | Identified the +4 war axe of Yredelemnul, Baking {speed,
                  | rCorr Int+4 Dex-3} (You bought it in a shop on level 2 of
                  | the Elven Halls)
 40567 | Elf:2    | Found Luumol's Distillery.
 40570 | Elf:2    | Bought a potion of mutation for 128 gold pieces
 40570 | Elf:2    | Bought a potion of heal wounds for 80 gold pieces
 40603 | Elf:2    | Found a runed translucent gate.
 40603 | Elf:2    | Found a runed translucent gate.
 40603 | Elf:2    | Found a runed translucent gate.
 41050 | Elf:2    | Reached XP level 20. HP: 69/134 MP: 19/29
 41197 | Elf:2    | Found an ancient bone altar of Kikubaaqudgha.
 41319 | Elf:3    | Entered Level 3 of the Elven Halls
 41666 | Elf:3    | Found Qahusma's Book Shop.
 42177 | Elf:3    | Received a gift from Okawaru
 43013 | Elf:3    | Found a shimmering blue altar of Sif Muna.
 43096 | Elf:3    | Learned a level 5 spell: Lee's Rapid Deconstruction
 43388 | Elf:3    | Paralysed by an air elemental for 1 turns
 43392 | Elf:3    | Paralysed by an air elemental for 1 turns
 43395 | Elf:3    | Paralysed by an air elemental for 1 turns
 43403 | Elf:3    | Paralysed by an air elemental for 1 turns
 43407 | Elf:3    | Paralysed by an air elemental for 1 turns
 43413 | Elf:3    | Paralysed by an air elemental for 1 turns
 43420 | Elf:3    | Paralysed by an air elemental for 1 turns
 43425 | Elf:3    | Paralysed by an air elemental for 1 turns
 43516 | Elf:3    | Received a gift from Okawaru
 43806 | Elf:3    | Received a gift from Okawaru
 43836 | Elf:3    | Reached skill level 17 in Fighting
 44147 | Elf:3    | Killed from afar by a deep elf annihilator

Illustrated notes

Levels and vault maps discovered:
D:1:      dpeg_arrival_prison, layout_basic, dreamdust_ecumenical_altar_grove
D:2:      minmay_recursive_quarters, layout_loops_ring, uniq_terence,
          uniq_sigmund
D:3:      wander_river, layout_basic, kennysheep_generic_room_10
D:4:      layout_cave_pools, minmay_temple_entry_ruins
D:5:      layout_layer_cave, gup_sewer_entry_bowl, serial_shops,
          nicolae_lakefront_shop, solitary_fountain, st_stairs_1,
          hangedman_abyss_or_decor_lesser_grid,
          hangedman_abyss_or_decor_stagger, uniq_pikel
D:6:      layout_cave_pools, minmay_ruffians
D:7:      layout_cave_pools, kennysheep_another_room
D:8:      layout_basic, david_lair_generic, amcnicky_mini_corridor_feature
D:9:      layout_irregular_city, nicolae_ashenzari_skybound
D:10:     layout_gridville, minmay_orc_entry_guard_dogs, kennysheep_path_1,
          hangedman_misty_isle
D:11:     layout_roguey, serial_glass, glass_columns_c, glass_columns_b,
          glass_columns_a, glass_columns_a, minmay_fractal_squares_gapless_5,
          uniq_grum, uniq_fannar, uniq_maurice
D:12:     layout_small_grid, uniq_snorg
D:13:     layout_roguey, grunt_vaults_entry_tiered
D:14:     minmay_the_grid_square_5x5_5x5_mashed
          [minmay_the_grid_square_5x5_n_small,
          minmay_the_grid_square_5x5_checkered_statues,
          minmay_the_grid_square_5x5_fat_x, minmay_the_grid_square_5x5_seven,
          minmay_the_grid_square_5x5_moneybag,
          minmay_the_grid_square_5x5_beaten_path,
          minmay_the_grid_square_5x5_prize_monsterx,
          minmay_the_grid_square_5x5_checkered,
          minmay_the_grid_square_5x5_prize_junk,
          minmay_the_grid_square_5x5_half_checkered,
          minmay_the_grid_square_5x5_pentomino_r,
          minmay_the_grid_square_5x5_minivault,
          minmay_the_grid_square_5x5_prize_open,
          minmay_the_grid_square_5x5_shuriken,
          minmay_the_grid_square_5x5_intrusive_squares,
          minmay_the_grid_square_5x5_two_walls_b,
          minmay_the_grid_square_5x5_prize_deathbox,
          minmay_the_grid_square_5x5_eight_small,
          minmay_the_grid_square_5x5_prize_rear_guard,
          minmay_the_grid_square_5x5_z, minmay_the_grid_square_5x5_tetrominoes,
          minmay_the_grid_square_5x5_three_walls,
          minmay_the_grid_square_5x5_tie, minmay_the_grid_square_5x5_six_small,
          minmay_the_grid_square_5x5_inner_v], layout_loops_ring,
          nicolae_ru_the_path_less_chosen
D:15:     gammafunk_enter_depths_forms, layout_long_grid, okawaru_gym_becter,
          gauntlet_entry_generic, guppyfry_shop_blood, uniq_louise,
          uniq_roxanne, uniq_jorgrun
Temple:   grunt_wide_crystal_templ
Lair:1:   layout_cave_pods, portal_ice_cave_entry_ice_simulacra,
          nicolae_volcano_entry_hallway
Lair:2:   layout_cave_pods, st_stairs_7, serial_bayou_shore_b,
          serial_bayou_shore_b, uniq_gastronok, uniq_nergalle
Lair:3:   minmay_lair_oklob_chamber, layout_cellular_growth,
          guppyfry_snake_entry_garden, chequers_serial_rivers_room_a,
          grunt_megastairs_5
Lair:4:   layout_cave_shapes, palyth_hydra_swamp_entry, dpeg_oklob_1
Lair:5:   layout_cave_pods, uniq_josephine, uniq_kirke
Lair:6:   gammafunk_lair_ancient_temple, layout_long_grid,
          nicolae_slime_entry_slimehenge, wad_woods_river_01
Swamp:1:  nicolae_swamp_wrong_neighborhood, layout_falls_marsh,
          serial_swamp_ruin, evilmike_swamp_ruin_house_6,
          evilmike_swamp_ruin_house_1
Swamp:2:  layout_basic_swamp, evilmike_swamp_ruin_house_3, uniq_nikola
Swamp:3:  layout_basic_swamp, evilmike_swamp_ruin_rubble_2
Swamp:4:  swamp, layout_basic_swamp
Snake:1:  layout_gridlike, nicolae_shop_self_help, minmay_shop_grove,
          uniq_aizul, uniq_rupert, uniq_mlioglotl
Snake:2:  layout_chambers, drop_trap
Snake:3:  layout_layer_cave, serial_bayou_shore_a, uniq_donald, uniq_vashnia
Snake:4:  minmay_snake_end_coiled, layout_cave_town
Orc:1:    layout_caves
Orc:2:    st_orc_mages, layout_caves, basic_altar, ebering_ghost_xom,
          led_sif_book
Elf:1:    minmay_firetagon, layout_loops_corners, minivault_28, minmay_shoptagon
Elf:2:    elven_hall_of_blades_hangedman_original
          [nicolae_blade_entry_floor_patterns], layout_gridlike, serial_shops,
          shop_statue, nicolae_shop_behind_doors, shop_statue, shop, shop,
          lemuel_upstairs_altar
Elf:3:    minmay_elf_hall_hex, layout_loops_corners, serial_shops,
          nicolae_shop_trees, basic_altar

Skill      XL: |  1  2  3  4  5  6  7  8  9 10 11 12 13 14 15 16 17 18 19 20 |
---------------+-------------------------------------------------------------+-----
Axes           | 2 3 4 |  4.0
Armour         | 3 4 5 6 7 8 9 10 11 12 13 14 | 14.8
Dodging        | 1 2 4 5 6 7 8 9 |  9.4
Shields        | 3 6 8 9 |  9.4
Fighting       | 4 5 6 7 9 10 12 13 14 15 16 17 | 17.1
Staves         | 2 5 7 9 11 13 14 | 14.0
Invocations    | 2 5 7 8 10 11 12 | 12.5
Throwing       | 1 2 3 4 |  4.0
Short Blades   | 1 9 11 | 11.6
Evocations     | 3 5 6 7 8 9 10 11 12 | 12.4
Earth Magic    | 1 5 7 8 10 11 12 | 12.6
Spellcasting   | 1 4 6 7 |  7.3
Maces & Flails | 1 |  1.8
Stealth        | |  0.8

Action                   |  1- 3 |  4- 6 |  7- 9 | 10-12 | 13-15 | 16-18 | 19-21 || total
-------------------------+-------+-------+-------+-------+-------+-------+-------++-------
Melee: War axe           |    74 |    69 |       |       |       |       |       ||   143
       Lajatang          |       |    66 |   222 |   464 |  1106 |   928 |   596 ||  3382
       Dagger            |       |       |       |    10 |    11 |  1377 |   424 ||  1822
       Quarterstaff      |       |       |       |       |     5 |       |       ||     5
       Flail             |       |       |       |       |       |    42 |       ||    42
       Quick blade       |       |       |       |       |       |       |   185 ||   185
Throw: Boomerang         |       |       |     7 |     8 |    13 |    21 |    13 ||    62
Invok: Heroism           |       |       |     2 |     3 |     1 |     4 |       ||    10
       Finesse           |       |       |       |     5 |    11 |     9 |     7 ||    32
       Duel              |       |       |       |       |     1 |       |       ||     1
Evoke: Wand              |       |       |       |     2 |       |     3 |     1 ||     6
       Phial of floods   |       |       |       |       |       |     2 |     1 ||     3
       Condenser vane    |       |       |       |       |       |     1 |       ||     1
       Lightning rod     |       |       |       |       |       |     1 |       ||     1
       Tin of tremorston |       |       |       |       |       |       |     1 ||     1
  Use: Potion            |     2 |     1 |     3 |       |     2 |     2 |     3 ||    13
       Scroll            |       |     7 |     8 |     7 |    13 |     8 |     3 ||    46
 Stab: Distracted        |       |       |       |     1 |       |    24 |    14 ||    39
       Invisible         |       |       |       |       |       |     1 |       ||     1
       Confused          |       |       |       |       |       |       |     1 ||     1
Armor: Scale mail        |    43 |    73 |    28 |       |       |       |       ||   144
       Chain mail        |       |       |    44 |       |       |       |       ||    44
       Plate armour      |       |       |    38 |   455 |   925 |  1482 |   608 ||  3508
Dodge: Dodged            |    49 |    86 |    89 |   175 |   525 |  1380 |   564 ||  2868
Block: Buckler           |    27 |    21 |       |       |       |       |       ||    48
       Kite shield       |       |       |       |       |       |   594 |   335 ||   929
       Reflection        |       |       |       |       |       |    38 |    42 ||    80
       Other             |       |       |       |       |       |       |    96 ||    96

Table legend: (Time is in decaauts)
 A = Elapsed time spent in this place.
 B = Non-inter-level travel time spent in this place.
 C = Inter-level travel time spent in this place.
 D = Time resting spent in this place.
 E = Time spent auto-exploring this place.
 F = Levels seen in this place.
 G = Mean time per level.
                   A        B        C        D        E       F      G
               +--------+--------+--------+--------+--------+-----+--------+
         Total |  43312 |  39120 |   4192 |   2021 |  19421 |  38 | 1139.8 |
       Dungeon |  17892 |  15969 |   1923 |    878 |   8842 |  15 | 1192.8 |
        Temple |     54 |     54 |      0 |      0 |      0 |   1 |   54.0 |
          Lair |   7499 |   6430 |   1069 |     72 |   3426 |   6 | 1249.8 |
         Swamp |   3691 |   3427 |    264 |    265 |   1468 |   4 |  922.8 |
     Snake Pit |   6256 |   5750 |    506 |    165 |   3079 |   4 | 1564.0 |
  Orcish Mines |   2067 |   1776 |    291 |     22 |    775 |   2 | 1033.5 |
   Elven Halls |   4593 |   4455 |    138 |    557 |   1535 |   3 | 1531.0 |
      Ice Cave |    783 |    783 |      0 |     50 |    229 |   1 |  783.0 |
      Gauntlet |    439 |    439 |      0 |      0 |     65 |   1 |  439.0 |
         Arena |     32 |     32 |      0 |     12 |      0 |   1 |   32.0 |
               +--------+--------+--------+--------+--------+-----+--------+

Top non-repeatable levels by time:
     D:5: 2248 daAuts
    D:14: 1838 daAuts
   Elf:2: 1780 daAuts
 Snake:4: 1709 daAuts
 Snake:2: 1644 daAuts
     D:1: 1596 daAuts
 Snake:3: 1571 daAuts
   Elf:3: 1568 daAuts
  Lair:3: 1521 daAuts
  Lair:1: 1500 daAuts
   Orc:2: 1415 daAuts
 Snake:1: 1331 daAuts
    D:15: 1318 daAuts
    D:10: 1290 daAuts
  Lair:2: 1279 daAuts
